 Dungeon Crawl Stone Soup version 0.28.0-43-g3370ac3207 (console) character file.

Game seed: 313865678564752624

1663 Zeor the Thaumaturge (level 8, 0/42 HPs)
             Began as a Deep Elf Ice Elementalist on Mar 24, 2022.
             Slain by an ogre
             ... wielding a +0 giant club
              (20 damage)
             ... on level 6 of the Dungeon.
             The game lasted 00:15:07 (5255 turns).

Zeor the Thaumaturge (Deep Elf Ice Elementalist)    Turns: 5255, Time: 00:15:09

Health: 0/42       AC: 14    Str:  5    XL:     8   Next: 69%
Magic:  0/24       EV: 12    Int: 23    God:
Gold:   117        SH:  0    Dex: 15    Spells: 16/28 levels left

rFire   x . .      SeeInvis .   a - +1 short sword (elec)
rCold   + . .      Faith    .   (no shield)
rNeg    . . .      Spirit   .   c - +0 leather armour
rPois   .          Reflect  .   (no helmet)
rElec   .          Harm     .   (no cloak)
rCorr   .          Rampage  .   v - +0 pair of gloves
Will    .....                   l - +1 pair of boots
Stlth   ++........              r - amulet of regeneration
HPRegen 0.94/turn               h - ring of ice
MPRegen 0.19/turn               (no ring)

@: ice-armoured, freezing walls, very slightly contaminated
A: no striking features
a: no special abilities


You were on level 6 of the Dungeon.
You visited 1 branch of the dungeon, and saw 6 of its levels.

You collected 167 gold pieces.
You spent 50 gold pieces at shops.

Inventory:

Hand Weapons
 a - a +1 short sword of electrocution (weapon)
 g - a +0 dagger
 j - a +1 dagger of venom
 p - a +0 rapier
Missiles
 f - 7 poisoned darts
 n - 33 arrows
 s - a curare-tipped dart
Armour
 c - a +0 leather armour (worn)
 l - a +1 pair of boots (worn)
 v - a +0 pair of gloves (worn)
Magical Staves
 i - a staff of earth
Jewellery
 h - a ring of ice (left hand)
 r - an amulet of regeneration (around neck)
Wands
 m - a wand of acid (3)
Scrolls
 o - a scroll of teleportation
 q - 2 scrolls of identify
 u - a scroll of enchant weapon
Potions
 b - a potion of haste
 d - a potion of might
 e - a potion of flight
 k - 2 potions of heal wounds
 t - a potion of attraction {unknown}
 w - a potion of resistance {unknown}


   Skills:
 + Level 0.5 Fighting
 + Level 2.1 Short Blades
 + Level 1.8 Armour
 + Level 2.8 Dodging
 - Level 4.1 Stealth
 * Level 10.9 Spellcasting
 + Level 0.9 Conjurations
 + Level 7.8 Ice Magic


You had 16 spell levels left.
You knew the following spells:

 Your Spells              Type           Power      Damage    Failure   Level
a - Freeze                Ice            100%       1d11      1%          1
b - Frozen Ramparts       Ice            100%       1d12      1%          3
c - Ozocubu's Armour      Ice            64%        N/A       1%          3
d - Hailstorm             Conj/Ice       48%        3d11      14%         4
e - Magic Dart            Conj           64%        1d6       6%          1

Your spell library contained the following spells:

 Spells                   Type           Power      Damage    Failure   Level
 Call Imp                 Summ           12%        N/A       13%         2
 Corpse Rot               Necr/Air       24%        N/A       13%         2
 Mephitic Cloud           Conj/Pois/Air  13%        N/A       22%         3
 Dispel Undead            Necr           12%        3d9       63%         4
 Death Channel            Necr           6%         N/A       100%        6


Dungeon Overview and Level Annotations

Branches:
Dungeon (6/15)
 Temple: D:4-7

Altars:
The Shining One

Shops:
D:5 *


Message History

The water moccasin is severely wounded.
The water moccasin seems to slow down.
An ogre comes into view. It is wielding a +0 giant club.
The wall freezes the water moccasin!
You kill the water moccasin!
Your icy armour and frozen ramparts will break if you move.
Continue?
Okay, then.
Casting: Freeze (safe; 1% risk of failure)
Confirm with . or Enter, or press ? or * to list all spells.
You feel a surge of power!
Your icy armour thickens.
Casting: Ozocubu's Armour (safe; 1% risk of failure)
Confirm with . or Enter, or press ? or * to list all spells.
Aiming: Magic Dart (safe; 6% risk of failure)
Press: ? - help, Shift-Dir - straight line, f - ogre
Aim: an ogre, wielding a +0 giant club (100% to hit)
The magic dart hits the ogre.
The ogre is moderately wounded.
The wall freezes the ogre!
Aiming: Freeze (safe; 1% risk of failure)
Press: ? - help, Q - select action, (/) - cycle Shift-Dir - straight line, f/p - ogre
Aim: an ogre, wielding a +0 giant club (heavily wounded)
You feel a surge of power!
You freeze the ogre.
The ogre is severely wounded.
The frozen ramparts melt away.
The ogre hits you with a +0 giant club!!
Ouch! That really hurt!
Aiming: Freeze (safe; 1% risk of failure)
Press: ? - help, Q - select action, (/) - cycle Shift-Dir - straight line, f/p - ogre
Aim: an ogre, wielding a +0 giant club (severely wounded)
You feel a surge of power!
You freeze the ogre.
The ogre is severely wounded.
Casting: Freeze (safe; 1% risk of failure)
Confirm with . or Enter, or press ? or * to list all spells.
Casting: Frozen Ramparts (safe; 1% risk of failure)
Press: ? - help, Dir - look around, f - activate You feel a surge of power!
The walls around you are covered in ice.
The wall freezes the ogre.
The ogre hits you with a +0 giant club!!
You die...

▒∙∙∙∙∙▒∙∙∙∙∙
▒▒∙∙∙∙∙▒▒∙∙∙∙
▒∙∙∙∙∙∙∙∙∙∙∙∙
∙
▒▒∙∙∙∙∙▒▒▒∙∙
∙∙ ▒▒∙∙∙∙†∙▒
∙∙ ▒∙∙∙∙∙∙∙▒
∙▒▒∙
▒∙∙∙∙∙∙∙▒▒


∙∙∙∙∙ ▒∙∙∙∙∙∙∙∙▒∙∙∙∙∙▒ ▒∙∙∙∙∙∙∙eO∙∙∙∙∙∙ ▒∙∙∙∙∙▒▒▒▒†∙∙∙▒∙▒ ▒▒▒∙∙∙ ▒▒∙∙∙∙∙ ▒∙∙∙▒
∙∙▒∙▒ ▒∙∙▒ ∙∙∙∙ ▒▒∙ ∙∙▒ ∙∙∙ You could see an ogre.

Vanquished Creatures
  Pikel (D:6)
  A troll (D:5)
  A water moccasin (D:6)
  An ice beast (D:6)
  A kobold brigand (D:5)
  A scorpion (D:5)
  A water moccasin zombie (D:5)
  A water moccasin skeleton (D:3)
  A howler monkey (D:6)
  A centaur zombie (D:6)
  A hound (D:6)
  2 jellies
  A bullfrog skeleton (D:5)
  A gnoll shaman (D:6)
  Natasha (thrice) (D:2)
  3 orc wizards
  An iguana (D:4)
  5 gnolls (D:6)
  5 adders
  An ufetubus (D:4)
  2 worms (D:2)
  A dart slug (D:3)
  9 orcs
  7 endoplasms
  2 giant cockroaches
  6 goblins
  5 hobgoblins
  4 jackals (D:4)
  5 quokkas
  2 ball pythons
  6 bats
  2 frilled lizards
  9 kobolds
  9 rats
102 creatures vanquished.

Vanquished Creatures (others)
  2 plants (D:2)
2 creatures vanquished.

Grand Total: 104 creatures vanquished

Notes
Turn   | Place    | Note
-------+----------+-------------------------------------------
     0 | D:1      | Zeor the Deep Elf Ice Elementalist began the quest for the
                  | Orb.
     0 | D:1      | Reached XP level 1. HP: 10/10 MP: 6/6
   319 | D:1      | Reached XP level 2. HP: 15/15 MP: 8/8
   384 | D:1      | Found a faded altar of an unknown god.
   883 | D:2      | Reached skill level 4 in Spellcasting
  1016 | D:2      | Reached XP level 3. HP: 19/19 MP: 10/10
  1020 | D:2      | Learned a level 3 spell: Frozen Ramparts
  1024 | D:2      | Learned a level 3 spell: Ozocubu's Armour
  1385 | D:2      | Noticed Natasha
  1394 | D:2      | Killed Natasha
  1395 | D:2      | Reached skill level 5 in Ice Magic
  1395 | D:2      | Reached XP level 4. HP: 8/24 MP: 6/12
  1692 | D:2      | Noticed Natasha
  1696 | D:2      | Killed Natasha
  2300 | D:2      | Noticed Natasha
  2304 | D:2      | Killed Natasha
  2305 | D:2      | Reached skill level 5 in Spellcasting
  2318 | D:3      | Reached XP level 5. HP: 28/28 MP: 7/14
  2965 | D:3      | Reached skill level 1 in Armour
  3397 | D:4      | Reached XP level 6. HP: 32/32 MP: 9/16
  3529 | D:4      | Reached skill level 6 in Spellcasting
  3604 | D:4      | Reached skill level 1 in Short Blades
  4024 | D:5      | Entered Level 5 of the Dungeon
  4154 | D:5      | Noticed a troll
  4160 | D:5      | Killed a troll
  4161 | D:5      | Reached skill level 7 in Spellcasting
  4161 | D:5      | Reached XP level 7. HP: 26/36 MP: 9/19
  4176 | D:5      | Learned a level 4 spell: Hailstorm
  4295 | D:5      | Found Vykk's Assorted Antiques.
  4308 | D:5      | Bought a scroll of identify for 50 gold pieces
  4366 | D:5      | Found a glowing golden altar of the Shining One.
  4587 | D:5      | Reached skill level 8 in Spellcasting
  4963 | D:6      | Learned a level 1 spell: Magic Dart
  5029 | D:6      | Reached skill level 9 in Spellcasting
  5033 | D:6      | Reached XP level 8. HP: 40/41 MP: 8/23
  5238 | D:6      | Noticed Pikel
  5245 | D:6      | Killed Pikel
  5246 | D:6      | Reached skill level 10 in Spellcasting
  5255 | D:6      | Slain by an ogre

Illustrated notes

Levels and vault maps discovered:
D:1:      dpeg_arrival_simpleton_c, layout_loops_ring,
          dilly_ecumenical_altar_fadedgnrine
D:2:      layout_basic, guppyfry_early_lair_pool, uniq_natasha
D:3:      layout_basic
D:4:      layout_basic
D:5:      layout_rooms, tso_oasis_becter, serial_shops, nicolae_diamond_shop
D:6:      layout_cave_pools, st_stairs_2, moated_statue, uniq_pikel

Skill      XL: |  1  2  3  4  5  6  7  8 |
---------------+-------------------------+-----
Spellcasting   | 4 5 7 9 10 | 10.9
Ice Magic      | 5 6 7 |  7.8
Stealth        | 3 4 |  4.1
Armour         | 1 |  1.8
Short Blades   | 1 2 |  2.1
Fighting       | |  0.5
Dodging        | |  2.8
Conjurations   | |  0.9

Action                   |  1- 3 |  4- 6 |  7- 9 || total
-------------------------+-------+-------+-------++-------
Melee: Dagger            |     6 |       |       ||     6
       Short sword       |     2 |    36 |    29 ||    67
       Punch             |       |       |     1 ||     1
 Cast: Freeze            |    29 |    15 |    12 ||    56
       Frozen Ramparts   |     2 |    15 |    11 ||    28
       Ozocubu's Armour  |       |     5 |     9 ||    14
       Hailstorm         |       |       |     5 ||     5
       Magic Dart        |       |       |     1 ||     1
  Use: Scroll            |     2 |    11 |     3 ||    16
 Stab: Sleeping          |     5 |    12 |     1 ||    18
Armor: Leather armour    |     4 |    17 |    24 ||    45
Dodge: Dodged            |     8 |    19 |    24 ||    51
